 Dungeon Crawl Stone Soup version 0.21.0 (webtiles) character file.

112 pomescollege the Poker (level 4, -5/35 HPs)
             Began as a Merfolk Warper on Jan 6, 2018.
             Slain by an ogre
             ... wielding a +0 giant club
              (28 damage)
             ... on level 3 of the Dungeon.
             The game lasted 00:05:24 (1788 turns).

pomescollege the Poker (Merfolk Warper)             Turns: 1788, Time: 00:05:25

Health: -5/35      AC:  9    Str: 14    XL:     4   Next: 95%
Magic:  7/7        EV: 11    Int: 12    God:
Gold:   81         SH:  0    Dex: 13    Spells: 1/7 levels left

rFire    . . .     SeeInvis .   a - +0 spear
rCold    . . .     Gourm    .   (no shield)
rNeg     . . .     Faith    .   h - +0 scale mail
rPois    .         Spirit   .   u - +1 helmet (curse)
rElec    .         Reflect  .   (no cloak)
rCorr    .         Harm     .   (no gloves)
MR       .....                  s - +0 pair of boots
Stlth    ..........             (no amulet)
HPRegen  0.11/turn              r - +2 ring of strength
MPRegen  0.10/turn              (no ring)

@: no status effects
A: change form in water, swift swim, stealthy swim
a: no special abilities


You were on level 3 of the Dungeon.
You were very hungry.

You visited 1 branch of the dungeon, and saw 3 of its levels.

You collected 81 gold pieces.

Inventory:

Hand Weapons
 a - a +0 spear (weapon)
Missiles
 e - 5 tomahawks of dispersal (quivered)
Armour
 h - a +0 scale mail (worn)
 s - a +0 pair of boots (worn)
 u - a cursed +1 helmet (worn)
Jewellery
 r - a +2 ring of strength (left hand)
Wands
 p - a wand of polymorph (10)
Scrolls
 d - a scroll of blinking
 g - a scroll of fear
 l - 2 scrolls of remove curse
Potions
 m - 2 potions of agility {unknown}
 n - a potion of resistance {unknown}
 o - a potion of curing
 q - a potion of heal wounds {unknown}
Books
 c - a book of Spatial Translocations

   Spells                             Type                      Level
   a - Blink                          Translocation                2
   b - Shroud of Golubria             Charms/Translocation         2
   c - Lesser Beckoning               Translocation                3
   d - Gell's Gravitas                Translocation                3
   e - Teleport Other                 Translocation                3
   f - Passage of Golubria            Translocation                4
Comestibles
 f - 6 rations


   Skills:
 + Level 3.2 Fighting
 * Level 5.5 Polearms
 - Level 1.0 Throwing
 - Level 0.6 Armour
 + Level 4.0 Dodging
 - Level 2.0 Spellcasting
 - Level 2.4 Translocations


You had one spell level left.
You knew the following spells:

 Your Spells              Type           Power        Failure   Level  Hunger
a - Blink                 Tloc           N/A          56%         2    ###....
b - Passage of Golubria   Tloc           N/A          99%         4    #####..


Dungeon Overview and Level Annotations

Branches:
Dungeon (3/15)

Altars:
Gozag
Zin


Message History

The ogre is moderately wounded.
The ogre closely misses you.
You hit the ogre but do no damage.
The ogre is moderately wounded.
You hit the ogre but do no damage.
The ogre is moderately wounded.
The ogre hits you with a giant club.
You hit the ogre but do no damage.
The ogre is moderately wounded.
The ogre barely misses you.
You barely miss the ogre.
The ogre is moderately wounded.
You hit the ogre but do no damage.
The ogre is moderately wounded.
The ogre hits you with a giant club.
You hit the ogre but do no damage.
The ogre is moderately wounded.
The ogre hits you with a giant club!!
Ouch! That really hurt!
You die...

..)......
.<.......
#........
#........
#........
#........
#.$......
#@.......
#.O......
#........
.........
.........
...#######
.<.. .....


You could see an ogre.

Vanquished Creatures
  Terence (D:2)
  Robin (D:2)
  2 oozes (D:2)
  2 dart slugs
  2 leopard geckos (D:2)
  An orc (D:2)
  5 bats
  4 giant cockroaches
  9 goblins
  10 hobgoblins
  2 jackals (D:2)
  2 frilled lizards
  6 kobolds (D:1)
  11 rats
58 creatures vanquished.

Notes
Turn   | Place    | Note
-------+----------+-------------------------------------------
     0 | D:1      | pomescollege the Merfolk Warper began the quest for the Orb.
     0 | D:1      | Reached XP level 1. HP: 16/16 MP: 3/3
    91 | D:1      | Reached XP level 2. HP: 21/22 MP: 5/5
   276 | D:1      | Reached skill level 4 in Polearms
   329 | D:1      | Reached XP level 3. HP: 26/28 MP: 6/6
   731 | D:2      | Noticed Terence
   747 | D:2      | Killed Terence
   776 | D:2      | Reached XP level 4. HP: 34/34 MP: 7/7
   835 | D:2      | Found a glowing silver altar of Zin.
   971 | D:2      | Found an opulent altar of Gozag.
  1011 | D:2      | Reached skill level 5 in Polearms
  1023 | D:2      | Learned a level 2 spell: Blink
  1190 | D:2      | Noticed Robin
  1245 | D:2      | Killed Robin
  1737 | D:2      | Learned a level 4 spell: Passage of Golubria
  1779 | D:3      | Noticed an ogre
  1788 | D:3      | Slain by an ogre

Skill      XL: |  1  2  3  4 |
---------------+-------------+-----
Dodging        | 3 4 |  4.0
Polearms       | 4 5 |  5.5
Fighting       | 3 |  3.2
Throwing       | |  1.0
Armour         | |  0.6
Spellcasting   | |  2.0
Translocations | |  2.4

Action                   |  1- 3 |  4- 6 || total
-------------------------+-------+-------++-------
Melee: Spear             |    98 |   136 ||   234
       Unarmed           |     6 |       ||     6
  Use: Scroll            |       |     4 ||     4
  Eat: Chunk             |       |     2 ||     2
Armor: Scale mail        |    33 |    35 ||    68
       Leather armour    |     2 |       ||     2
       Skin              |     1 |       ||     1
Dodge: Dodged            |    33 |    42 ||    75
